 Dungeon Crawl Stone Soup version 0.22-a0-834-g05cf915 (webtiles) character file.

67 robertstho the Ruffian (level 4, -12/44 HPs)
             Began as a Troll Monk on July 25, 2018.
             Mangled by a gnoll
             ... wielding a +0 flail
              (13 damage)
             ... on level 2 of the Dungeon.
             The game lasted 00:03:18 (1049 turns).

robertstho the Ruffian (Troll Monk)                 Turns: 1049, Time: 00:03:20

Health: -12/44     AC:  5    Str: 19    XL:     4   Next: 0%
Magic:  3/3        EV: 11    Int:  6    God:
Gold:   3          SH:  0    Dex: 13    Spells: 3/3 levels left

rFire    . . .     SeeInvis .     - Unarmed
rCold    . . .     Gourm    +   (no shield)
rNeg     . . .     Faith    .   a - +0 robe
rPois    .         Spirit   .   (helmet restricted)
rElec    .         Reflect  .   (no cloak)
rCorr    .         Harm     .   (gloves unavailable)
MR       .....                  (boots unavailable)
Stlth    ++........             (no amulet)
HPRegen  0.54/turn              (no ring)
MPRegen  0.08/turn              (no ring)

@: no status effects
A: large, unfitting armour, claws 3, fast metabolism 3, gourmand, regeneration
1, shaggy fur 1, tough skin 2
a: no special abilities


You were on level 2 of the Dungeon.
You were not hungry.

You visited 1 branch of the dungeon, and saw 2 of its levels.

You collected 3 gold pieces.

Inventory:

Armour
 a - a +0 robe (worn)
Scrolls
 d - a scroll of magic mapping {unknown}
 e - a scroll of enchant weapon {unknown}
 g - a scroll of fear {unknown}
 h - a scroll of remove curse {unknown}
 i - a scroll of fog {unknown}
 l - a scroll of teleportation {unknown}
 m - a scroll of identify {unknown}
Potions
 c - a potion of haste {unknown}
 f - a potion of curing {unknown}
 j - a potion of brilliance {unknown}
 k - a potion of cancellation {unknown}
 n - a potion of experience {unknown}
Comestibles
 b - 4 rations
 o - 3 chunks of flesh


   Skills:
 + Level 2.7 Fighting
 * Level 3.0 Dodging
 - Level 1.0 Stealth
 * Level 4.1 Unarmed Combat


You had 3 spell levels left.
You didn't know any spells.
Your spell library was empty.

Dungeon Overview and Level Annotations

Branches:
Dungeon (2/15)

Altars:

Annotations:
D:2 Natasha


Innate Abilities, Weirdness & Mutations

You are too large for most types of armour.
You have claws for hands.
Your metabolism is lightning-fast.
You like to eat raw meat.
Your natural rate of healing is unusually fast.
You are covered in fur. (AC +1)
You have very tough skin. (AC +2)


Message History

You scratch the gnoll but do no damage.
The gnoll is heavily wounded.
The gnoll barely misses you. The gnoll hits you with a flail.
You scratch the gnoll but do no damage.
The gnoll is heavily wounded.
The gnoll hits you from afar with a spear of flaming!
* * * LOW HITPOINT WARNING * * *
The gnoll burns you.
* * * LOW HITPOINT WARNING * * *
You scratch the gnoll.
The gnoll is heavily wounded.
The gnoll barely misses you. The gnoll closely misses you.
You scratch the gnoll but do no damage.
The gnoll is heavily wounded.
The gnoll hits you from afar with a spear of flaming.
* * * LOW HITPOINT WARNING * * *
The gnoll burns you.
* * * LOW HITPOINT WARNING * * *
The gnoll hits you with a flail!
You die...

.......<...............
.........#.##.##.####..
##...#####.##.##.# #..
#.. #.......# ### #.
####.## # #.# #.#
##.###### #.#######
#....@gg####.......# #
#..####gr.....#.##.###
#..#.%........#.......
#?.........#..####.###
......(#).#.#..####.# #
.h...$..............#
.##............#.####
#.##.###.##.##.# #. #.
#.#..##.#


You could see 2 gnolls, a hobgoblin and a rat.

Vanquished Creatures
  2 gnolls (D:2)
  An ooze (D:2)
  3 dart slugs
  A leopard gecko (D:1)
  A ball python (D:1)
  3 giant cockroaches
  2 goblins (D:1)
  5 hobgoblins
  4 jackals (D:1)
  8 kobolds
  2 bats
  2 frilled lizards
  3 rats (D:1)
37 creatures vanquished.

Vanquished Creatures (others)
  5 toadstools (D:1)
5 creatures vanquished.

Grand Total: 42 creatures vanquished

Notes
Turn   | Place    | Note
-------+----------+-------------------------------------------
     0 | D:1      | robertstho the Troll Monk began the quest for the Orb.
     0 | D:1      | Reached XP level 1. HP: 22/22 MP: 0/0
    74 | D:1      | Reached XP level 2. HP: 29/29 MP: 1/1
   334 | D:1      | Reached XP level 3. HP: 34/36 MP: 2/2
  1030 | D:2      | Reached skill level 4 in Unarmed Combat
  1033 | D:2      | Reached XP level 4. HP: 29/44 MP: 3/3
  1035 | D:2      | Noticed Natasha
  1049 | D:2      | HP: 1/44 [gnoll/spear of flaming (3)]
  1049 | D:2      | Mangled by a gnoll

Vault maps used:
D:1:      ldierk_walled_garden
D:2:      first_ration, kennysheep_generic_room_5, uniq_natasha

Skill      XL: |  1  2  3 |
---------------+----------+-----
Dodging        | 3 |  3.0
Unarmed Combat | 4 |  4.1
Fighting       | |  2.7
Stealth        | |  1.0

Action                   |  1- 3 |  4- 6 || total
-------------------------+-------+-------++-------
Melee: Unarmed           |    74 |    11 ||    85
       Punch             |       |     1 ||     1
 Stab: Sleeping          |     3 |       ||     3
  Eat: Chunk             |    10 |       ||    10
Armor: Robe              |    24 |     2 ||    26
Dodge: Dodged            |    35 |    11 ||    46

Table legend:
 A = Spawn XP
 B = Non-spawn XP
 C = Spawn XP percentage of total XP
 D = Spawn monster count
 E = Non-spawn monster count
 F = Spawn count percentage of total count
 G = Total turns spent on level
                    A         B        C        D         E        F      G
               +---------+---------+-------+---------+---------+-------+---------
         Total |       0 |      97 |   0.0 |       0 |      37 |   0.0 |  1049
               +---------+---------+-------+---------+---------+-------+---------
           D:1 |       0 |      49 |   0.0 |       0 |      27 |   0.0 |   895
           D:2 |       0 |      48 |   0.0 |       0 |      10 |   0.0 |   154
               +---------+---------+-------+---------+---------+-------+---------
